 Dungeon Crawl Stone Soup version 0.32-a0-711-g016ad74 (webtiles) character file.

Game seed: 15459638777287631229

1296 UnknownHero the Cutter (level 8, -1/36 (44) HPs)
             Began as a Vine Stalker Fighter on Mar 15, 2024.
             Was a Follower of Uskayaw.
             Slain by a wight
             ... wielding a +3 war axe of freezing
              (5 damage)
             ... on level 5 of the Dungeon.
             The game lasted 00:21:53 (3895 turns).

UnknownHero the Cutter (Vine Stalker Fighter)       Turns: 3895, Time: 00:21:54

HP:   -1/36 (44)    AC: 12    Str: 15 (18) XL:     8   Next: 56%
MP:   0/10          EV:  8    Int:  6 (8)  God:    Uskayaw [*.....]
Gold: 189           SH:  5    Dex: 18 (21) Spells: 7/7 levels left

rFire   . . .        a - +3 dagger "Satab" {spect, rPois rC+ Dex+2}
rCold   + . .        c - +0 buckler
rNeg    . . .        u - +3 ring mail of Wuelle Otsaw {rElec Dex+2 Stlth+}
rPois   +            q - +0 helmet
rElec   +            w - +0 cloak
rCorr   +            (no gloves)
SInv    .            s - +0 pair of boots
Will    +....        (no amulet)
Stlth   ++           r - +4 ring of slaying
HPRegen 1.06/turn    j - ring of resist corrosion
MPRegen 0.12/turn

%: guardian spirit
@: heavily drained
A: fangs 3, regeneration 1, magic shield, antimagic bite, no potion heal 2
a: Renounce Religion, Stomp


You were on level 5 of the Dungeon.
You worshipped Uskayaw.
Uskayaw was noncommittal.
You visited 2 branches of the dungeon, and saw 7 of its levels.

You collected 350 gold pieces.
You spent 161 gold pieces at shops.

Inventory:

Hand Weapons
 a - the +3 dagger "Satab" (weapon) {spect, rPois rC+ Dex+2}
   (You bought it in a shop on level 4 of the Dungeon)

   Dex+2:     It affects your dexterity (+2).
   rC+:       It protects you from cold.
   rPois:     It protects you from poison.
Missiles
 g - 9 curare-tipped darts (quivered)
Armour
 c - a +0 buckler (worn)
 q - a +0 helmet (worn)
 s - a +0 pair of boots (worn)
 u - the +3 ring mail of Wuelle Otsaw (worn) {rElec Dex+2 Stlth+}
   (You found it on level 3 of the Dungeon)

   Dex+2:     It affects your dexterity (+2).
   rElec:     It insulates you from electricity.
   Stlth+:    It makes you more stealthy.
 w - a +0 cloak (worn)
Jewellery
 j - a ring of resist corrosion (right hand)
 r - a +4 ring of slaying (left hand)
Wands
 v - a wand of warping (6)
Scrolls
 b - a scroll of summoning {unknown}
 e - 2 scrolls of amnesia {unknown}
 i - 2 scrolls of fear
 k - a scroll of enchant weapon {unknown}
 l - a scroll of revelation {unknown}
 m - a scroll of poison {unknown}
 n - 2 scrolls of identify {unknown}
 t - 4 scrolls of teleportation {unknown}
 y - a scroll of vulnerability {unknown}
 B - a scroll of immolation {unknown}
Potions
 d - 2 potions of might
 f - a potion of degeneration
 h - a potion of heal wounds
 o - a potion of lignification {unknown}
 p - a potion of mutation {unknown}
 x - a potion of brilliance {unknown}
 z - 2 potions of haste {unknown}
 A - 2 potions of attraction {unknown}


   Skills:
 * Level 5.4 Fighting
 * Level 6.5 Short Blades
 + Level 4.7 Armour
 - Level 2.6 Shields
 + Level 1.5 Invocations


You had 7 spell levels left.
You didn't know any spells.
Your spell library contained the following spells:

 Spells                   Type           Power      Damage    Failure   Level
 Necrotise                Necr           0%         1d4       77%         1
 Blink                    Tloc           0%         N/A       88%         2
 Lesser Beckoning         Tloc           0%         N/A       88%         2
 Momentum Strike          Conj/Tloc      0%         3d8       88%         2
 Gell's Gravitas          Tloc           0%         N/A       98%         3
 Teleport Other           Tloc           0%         N/A       98%         3
 Vampiric Draining        Necr           0%         2d6       98%         3
 Martyr's Knell           Necr/Summ      0%         N/A       100%        4
 Curse of Agony           Necr           0%         N/A       100%        5
 Dispersal                Tloc           0%         N/A       100%        6


Dungeon Overview and Level Annotations

Branches:
Dungeon (6/15) Zot: 26847  Temple (1/1) D:4 Zot: 5995

Altars:
Ashenzari
Cheibriados
Dithmenos
Elyvilon
Kikubaaqudgha
Sif Muna
Uskayaw
Wu Jian
Xom
Yredelemnul
Zin
The Shining One
Beogh

Shops:
D:4 (

Annotations:
D:4 3 runed translucent doors, kasel's ghost, amateur CoGl


Innate Abilities, Weirdness & Mutations

You have razor-sharp teeth.
Your natural rate of healing is unusually fast.
When hurt, damage is shared between your health and your magic reserves.
Your bite disrupts and absorbs the magic of your enemies.
Potions cannot restore your health.


Message History

You feel weakened.
You feel dopey.
You feel clumsy.
The wight hits you with a +3 war axe of freezing!
* * * LOW HITPOINT WARNING * * *
You feel drained.
* * * LOW HITPOINT WARNING * * *
The wight hits you but does no damage.
You take 9 HP, and have [1/37] HP !!!!!
HP Warning !!!!!
You lose 1MP, and have [0/10] MP It was a potion of heal wounds.
That seemed strangely inert.
The wight hits you but does no damage. x2
Okay, then.
Okay, then.
Okay, then.
Okay, then.
Okay, then.
Aiming: Warp Space
Press: ? - help, Q - select action, (/) - cycle Shift-Dir - straight line, p - wight
Okay, then.
Unknown command.
The wight attacks as it pursues you!
The wight hits you with a +3 long sword of freezing.
* * * LOW HITPOINT WARNING * * *
You feel drained.
Unknown command.
Unknown command.
Throw: 9 darts (curare)
Press: ? - help, Q - select action, (/) - cycle Shift-Dir - straight line, f/p - wight
Aim: a wight, wielding a +3 long sword of freezing and wearing a +0 robe (65% to hit)
Okay, then.
Okay, then.
Okay, then.
Okay, then.
Okay, then.
As you read the scroll labelled BEHA JOENYTT, it crumbles to dust.
You assume a fearsome visage.
The wight is unaffected. x2
It was a scroll of fear.
The wight hits you with a +3 war axe of freezing.
You die...
Your body falls in perfect tune with the rhythm.

.......................#†...†††#
#...##..#...###........#....†..#
....###.....###........####.####
%.............#.............#
..###~..~###..##........#####
.#...#≈~#...#÷...........#
.#.⌠.#≈≈#.⌠.#.#..........#
.#...#≈≈#...#.#..........#
..###≈≈≈≈###....@z..[....#
....≈≈≈≈≈~......z........#
....~≈≈≈≈~.........))...##
..###≈≈≈≈###..#...[>...##
.#...#≈≈#...#.###..#####
.#.⌠.#≈≈#.⌠.#.# #....#
.#...#≈~#...#.# #.####
..###~..~###..###.#
..................#


You could see 2 wights.

Vanquished Creatures
  Grinder (D:4)
  An ice beast (D:5)
  2 centaurs
  2 kobold brigands (D:4)
  A scorpion (D:5)
  2 wights (D:5)
  5 hounds
  2 jellies
  4 orc priests
  An iguana (D:5)
  2 orc wizards
  A gnoll (D:3)
  5 adders
  A white imp (D:6)
  3 ribbon worms
  9 orcs
  8 ball pythons
  2 bats
  2 endoplasms (D:4)
  4 giant cockroaches
  6 goblins
  15 hobgoblins
  4 quokkas
  3 frilled lizards
  13 kobolds
  5 rats
104 creatures vanquished.

Notes
Turn   | Place    | Note
-------+----------+-------------------------------------------
     0 | D:1      | UnknownHero the Vine Stalker Fighter began the quest for
                  | the Orb.
     0 | D:1      | Reached XP level 1. HP: 11/11 MP: 2/2
   304 | D:1      | Reached skill level 2 in Short Blades
   505 | D:1      | Reached XP level 2. HP: 16/16 MP: 3/3
  1012 | D:2      | Reached XP level 3. HP: 13/19 MP: 2/4
  1594 | D:3      | Reached XP level 4. HP: 24/24 MP: 5/5
  1627 | D:3      | Reached skill level 3 in Short Blades
  1828 | D:3      | Found a glowing silver altar of Zin.
  1828 | D:3      | Found a glowing golden altar of the Shining One.
  1828 | D:3      | Found a white marble altar of Elyvilon.
  1915 | D:3      | Identified the +3 ring mail of Wuelle Otsaw {rElec Dex+2
                  | Stlth+}
  2003 | D:3      | Found an ornate altar of the Wu Jian Council.
  2222 | D:4      | Found a shadowy altar of Dithmenos.
  2236 | D:4      | Noticed a centaur
  2307 | D:4      | Found a staircase to the Ecumenical Temple.
  2311 | D:4      | Found Pibbo's Antique Weapon Shop.
  2321 | Temple   | Entered the Ecumenical Temple
  2335 | D:4      | Bought a twisted dagger for 161 gold pieces
  2335 | D:4      | Identified the +3 dagger "Satab" {spect, rPois rC+ Dex+2}
                  | (You bought it in a shop on level 4 of the Dungeon)
  2375 | D:4      | Noticed a kobold brigand
  2386 | D:4      | Killed a kobold brigand
  2387 | D:4      | Reached XP level 5. HP: 23/28 MP: 4/6
  2401 | D:4      | Killed a centaur
  2402 | D:4      | Reached skill level 4 in Short Blades
  2402 | D:4      | Reached XP level 6. HP: 28/33 MP: 7/7
  2417 | D:4      | Found a shimmering altar of Xom.
  2468 | D:4      | Found an ancient bone altar of Kikubaaqudgha.
  2526 | D:4      | Found a runed translucent gate.
  2526 | D:4      | Identified the +5 chain mail of Cerghigibe {rF- rC+++ rN+
                  | Dex-3}
  2527 | D:4      | Found a runed translucent gate.
  2529 | D:4      | Found a runed translucent gate.
  2529 | D:4      | Noticed kasel's ghost (amateur CoGl)
  2540 | D:4      | Found a roughly hewn altar of Beogh.
  2624 | D:4      | Noticed Grinder
  2642 | D:4      | Killed Grinder
  2643 | D:4      | Reached XP level 7. HP: 22/37 MP: 3/8
  2883 | D:4      | Reached skill level 5 in Short Blades
  2898 | D:4      | Found a snail-covered altar of Cheibriados.
  3015 | D:5      | Entered Level 5 of the Dungeon
  3029 | D:5      | Found a basalt altar of Yredelemnul.
  3375 | D:5      | Gained mutation: You have razor-sharp teeth. [Vine Stalker
                  | growth]
  3375 | D:5      | Reached XP level 8. HP: 42/42 MP: 9/9
  3438 | D:5      | Reached skill level 6 in Short Blades
  3605 | D:5      | Found a broken altar of Ashenzari.
  3618 | D:5      | Found a hide-covered altar of Uskayaw.
  3632 | D:5      | Became a worshipper of Uskayaw the Reveller
  3659 | D:5      | Reached * piety under Uskayaw
  3751 | D:6      | Reached ** piety under Uskayaw
  3753 | D:6      | Reached skill level 5 in Fighting
  3761 | D:6      | Reached *** piety under Uskayaw
  3762 | D:6      | Reached **** piety under Uskayaw
  3806 | D:6      | Reached skill level 1 in Invocations
  3891 | D:5      | HP: 1/37 [wight/+3 war axe of freezing (3)]
  3895 | D:5      | Slain by a wight

Illustrated notes

Levels and vault maps discovered:
D:1:      psy_arrival_conway, layout_loops_corners
D:2:      layout_basic
D:3:      minmay_bubble_buster, layout_loops_ring, good_gods_mini_temple,
          nzn_wu_jian_council_hall, minivault_23
D:4:      cheibrodos_thug_alley, layout_rooms, kiku_gazebo_garden_becter,
          slow_altar_2, mainiacjoe_overflow_catch_the_wave,
          minmay_temple_entry_statues, biasface_ghost_orc_armoury, serial_shops,
          nicolae_shop_crystal, kennysheep_windowed_goal, uniq_grinder
D:5:      layout_rooms, nicolae_uskayaw_murder_on_the_dancefloor,
          cheibrodos_ashenzari_chains, amcnicky_altar_gilded, roderic_lattice_a,
          kennysheep_crisscross, fountainhead
D:6:      layout_rooms, mainiacjoe_overflow_concentric_impassable, uniq_duvessa
Temple:   ebering_the_one_and_only

Skill      XL: |  1  2  3  4  5  6  7  8 |
---------------+-------------------------+-----
Short Blades   | 2 3 4 5 6 |  6.5
Fighting       | 3 4 5 |  5.4
Armour         | 3 4 |  4.7
Invocations    | 1 |  1.5
Shields        | |  2.6

Action                     |  1- 3 |  4- 6 |  7- 9 || total
---------------------------+-------+-------+-------++-------
  Melee: Rapier            |    99 |    35 |       ||   134
         Bite              |    20 |    20 |    25 ||    65
         Dagger            |       |    33 |    81 ||   114
  Throw: Dart              |       |       |     1 ||     1
 Invoke: Stomp             |       |       |     2 ||     2
  Evoke: Wand              |       |     1 |       ||     1
    Use: Potion            |       |       |     2 ||     2
         Scroll            |       |       |     1 ||     1
   Stab: Sleeping          |       |     1 |     4 ||     5
         Distracted        |       |     1 |     2 ||     3
         Paralysed         |       |       |     2 ||     2
 Armour: Scale mail        |    80 |    13 |       ||    93
         Ring mail         |       |    31 |    43 ||    74
  Dodge: Dodged            |    34 |    26 |    27 ||    87
  Block: Buckler           |    25 |     9 |    16 ||    50

Table legend: (Time is in decaauts)
 A = Elapsed time spent in this place.
 B = Non-inter-level travel time spent in this place.
 C = Inter-level travel time spent in this place.
 D = Time resting spent in this place.
 E = Time spent auto-exploring this place.
 F = Levels seen in this place.
 G = Mean time per level.
                   A        B        C        D        E       F      G
               +--------+--------+--------+--------+--------+-----+--------+
         Total |   3912 |   3201 |    711 |     55 |    150 |   7 |  558.9 |
       Dungeon |   3908 |   3197 |    711 |     55 |    150 |   6 |  651.3 |
        Temple |      4 |      4 |      0 |      0 |      0 |   1 |    4.0 |
               +--------+--------+--------+--------+--------+-----+--------+

Top non-repeatable levels by time:
     D:3: 807 daAuts
     D:5: 802 daAuts
     D:1: 787 daAuts
     D:4: 766 daAuts
     D:2: 677 daAuts
     D:6: 66 daAuts
  Temple: 4 daAuts
